Map: Cactus Valley LE (Void)

Players

Railgan

  • Race: Zerg Zerg
  • League: Grandmaster
  • Spawn Location: 11:00

SunnyRed - Winner!

  • Race: Zerg Zerg
  • League: Grandmaster
  • Spawn Location: 5:00

VOD

Have the link to the VOD?

Description

Time

  • Played on: March 24, 2017, 1:29 p.m.
  • Length: 5:18
Show
View Real Time Build Order
Export as new Build Order

Railgan Zerg 

Build Orders: Pool First 

Get SALT Encoding   

  12  0:20  Spawning Pool  
  11  0:22  Drone  
  11  0:26  Drone  
  13  0:33  Drone  
  14  0:36  Extractor  
  13  0:43  Overlord  
  13  1:07  Zergling x6  
  16  1:15  Queen  
  16  1:18  Zergling x2  
  19  1:27  Baneling Nest  
  19  1:30  Zergling x2  
  19  1:39  Zergling x2  
  20  1:50  Zergling x2  
  21  2:00  Zergling x2  
  22  2:15  Overlord  
  22  2:20  Baneling x4  
  22  2:34  Drone x2  
  22  2:35  Drone  
  25  2:38  Drone  
  23  2:53  Drone  
  23  2:57  Drone  
  23  2:58  Drone x2  
  27  3:05  Metabolic Boost  
  27  3:16  Baneling  
  27  3:23  Hatchery  
  26  3:27  Drone  
  27  3:34  Overlord  
  27  3:39  Drone  
  24  3:43  Drone  
  24  3:45  Drone  
  24  3:48  Extractor, Drone  
  26  3:55  Drone  
  27  4:02  Lair  
  27  4:06  Drone  
  28  4:12  Drone  
  28  4:13  Drone  
  28  4:15  Drone  
  31  4:26  Drone  
  31  4:31  Overlord  
  32  4:32  Drone  
  32  4:33  Drone  
  34  4:39  Drone  
  37  4:46  Drone  
  37  4:50  Baneling  
  37  4:51  Zergling x2  
  39  4:53  Zergling x2  
  40  5:05  Spire  
Show
View Real Time Build Order
Export as new Build Order

SunnyRed Zerg - Winner!

Build Orders: Hatch First 

Get SALT Encoding   

  12  0:00  Drone  
  13  0:12  Overlord  
  13  0:17  Drone  
  14  0:32  Drone x2  
  16  0:37  Drone  
  17  0:53  Hatchery  
  17  0:56  Drone  
  17  0:59  Drone  
  18  1:09  Extractor  
  17  1:14  Spawning Pool  
  17  1:17  Drone  
  17  1:21  Drone  
  18  1:28  Drone  
  19  1:39  Drone  
  20  1:49  Overlord  
  20  2:01  Baneling Nest, Queen  
  20  2:02  Zergling x2  
  20  2:04  Spine Crawler  
  20  2:07  Zergling x2  
  22  2:15  Queen  
  24  2:19  Zergling x2  
  25  2:29  Zergling x6  
  28  2:50  Zergling x8  
  29  2:58  Baneling x3  
  29  2:59  Baneling  
  29  3:05  Metabolic Boost  
  29  3:07  Queen  
  31  3:13  Drone  
  31  3:14  Drone  
  31  3:18  Drone  
  34  3:23  Drone  
  34  3:25  Drone  
  36  3:31  Overlord  
  35  3:52  Drone  
  35  3:53  Overlord  
  35  3:55  Zergling x8  
  40  4:05  Overlord  
  40  4:14  Baneling  
  40  4:15  Baneling x2  
  40  4:18  Zergling x8  
  40  4:19  Zergling x4  
  46  4:33  Queen  
  46  4:35  Overlord  
  46  4:36  Drone  
  49  4:59  Drone x4  
  57  5:00  Drone x4  
Tags
 
Add a new tag
Caveats
  • Supply blocks, unpowered buildings, or Contaminate may cause inaccurate times.
  • Supply counts are checked every 10 seconds.